 Dungeon Crawl Stone Soup version 0.20.1-1-g8b1a95d (webtiles) character file.

67 namelastname112 the Ducker (level 3, -3/17 HPs)
             Began as a Felid Chaos Knight on July 19, 2017.
             Slain by Natasha (7 damage)
             ... on level 2 of the Dungeon.
             The game lasted 00:01:58 (1846 turns).

namelastname112 the Ducker (Felid Chaos Knight)     Turns: 1846, Time: 00:01:59

Health: -3/17      AC:  1    Str:  8    XL:     3   Next: 98%
Magic:  4/4        EV: 19    Int: 13    God:    Xom [.....*]
Gold:   103        SH:  0    Dex: 16    Spells: 2/2 levels left
                                        Lives:  0   Deaths: 0

rFire    . . .     SeeInvis +     - Unarmed
rCold    . . .     Gourm    .   (shield unavailable)
rNeg     . . .     Faith    .   (armour unavailable)
rPois    .         Spirit   .   (helmet unavailable)
rElec    .         Reflect  .   (cloak unavailable)
rCorr    .         Harm     .   (gloves unavailable)
MR       .....                  (boots unavailable)
Stlth    +++.......             (no amulet)
Regen    0.1/turn               (no ring)
MPRegen  0.1/turn               (no ring)

@: hasted, very quick
A: no armour, no weapons or thrown items, stealth, claws 1, fangs 3, see
invisible, carnivore 3, speed 1, shaggy fur 1, slow metabolism 1, sharp paws
a: Renounce Religion


You were on level 2 of the Dungeon.
You worshipped Xom.
You were Xom's teddy bear.
You were very full.

You visited 1 branch of the dungeon, and saw 2 of its levels.

You collected 103 gold pieces.

Inventory:

Scrolls
 c - a scroll of enchant armour {unknown}
 e - a scroll of remove curse {unknown}
 g - a scroll of random uselessness {unknown}
Potions
 b - a potion of heal wounds {unknown}
 d - a potion of haste
 f - a potion of curing {unknown}
Comestibles
 a - 8 meat rations


   Skills:
 + Level 3.5 Fighting
 + Level 3.8 Dodging
 + Level 2.3 Stealth
 * Level 3.7 Unarmed Combat


You had 2 spell levels left.
You didn't know any spells.

Dungeon Overview and Level Annotations

Branches:
Dungeon (2/15)

Altars:

Annotations:
D:2 Natasha


Innate Abilities, Weirdness & Mutations

You cannot wear armour.
You are incapable of wielding weapons or throwing items.
Your paws allow you to move quietly. (Stealth)
You have sharp claws.
You have razor-sharp teeth.
You have supernaturally acute eyesight. (SInv)
You are carnivorous and can eat meat at any time.
You cover ground quickly.
You are covered in fur. (AC +1)
You have a slow metabolism.
Your sharp claws are effective at attacking unaware monsters.


Message History

No target in view!
No target in view!
Things that are here:
a dagger; a kobold corpse Natasha, Servant of Life and Death comes into view.
Found 10 poisoned needles.
Natasha hisses angrily.
Natasha casts a spell at you. The magic dart hits you!
You claw Natasha! You bite Natasha.
Natasha is heavily wounded.
Natasha casts a spell at you. The magic dart hits you!
* * * LOW HITPOINT WARNING * * *
You are too injured to fight recklessly!
You are too injured to fight recklessly!
It was a potion of haste.
You feel yourself speed up.
Xom thinks this is hilarious!
Natasha claws you!
You die...

....... .........
......... .......# ..
.......###### ...
#.........#
.....###......h..#
.......(.....@...##
........#..........#
..................#
#######..#...#.###..(..#
.......#.#...#... ......
.......#....)#..........
...†.........#...###....
...###.......#.... ....
...#.(...#...#.....


You could see Natasha.

Vanquished Creatures
  An adder (D:2)
  An ooze (D:1)
  4 dart slugs
  2 leopard geckos (D:1)
  A giant cockroach (D:1)
  5 goblins (D:1)
  2 hobgoblins
  10 jackals (D:1)
  6 kobolds
  4 bats (D:1)
  4 rats (D:1)
40 creatures vanquished.

Notes
Turn   | Place    | Note
-------+----------+-------------------------------------------
     0 | D:1      | namelastname112 the Felid Chaos Knight began the quest for the Orb.
     0 | D:1      | Reached XP level 1. HP: 10/10 MP: 2/2
    18 | D:1      | XOM: butterfly on damage
   159 | D:1      | Reached skill level 1 in Stealth
   159 | D:1      | Reached XP level 2. HP: 14/14 MP: 3/3
   197 | D:1      | XOM: harmless Tloc miscast
   405 | D:1      | XOM: butterfly on damage
   410 | D:1      | XOM: potion effect (might)
   832 | D:1      | Reached XP level 3. HP: 17/17 MP: 4/4
   872 | D:1      | XOM: divination: detect items
   887 | D:1      | XOM: butterfly on damage
   890 | D:1      | XOM: potion effect (curing)
  1039 | D:1      | XOM: medium Tmut miscast
  1096 | D:1      | XOM is BORED!
  1130 | D:1      | XOM: god gift: scroll labeled OKHLON QEITTAOC {god gift}
  1304 | D:1      | XOM: divination: detect creatures
  1339 | D:1      | XOM: god gift: 7 meat rations
  1840 | D:2      | Noticed Natasha
  1846 | D:2      | Slain by Natasha

Skill      XL: |  1  2  3 |
---------------+----------+-----
Stealth        | 1 2 |  2.3
Fighting       | |  3.5
Dodging        | |  3.8
Unarmed Combat | |  3.7

Action                   || total
-------------------------++-------
Melee: Unarmed           ||   117
       Bite              ||    12
  Use: Scroll            ||     1
       Potion            ||     1
 Stab: Sleeping          ||     6
       Distracted        ||     1
  Eat: Chunk             ||     8
Armor: Skin              ||     7
Dodge: Dodged            ||   104
